 Dungeon Crawl Stone Soup version 0.24.1-14-gf8d2b509d9 (webtiles) character file.

Game seed: 6180802344743223138, levelgen mode: deterministic

123 Hugehornet the Insei (level 5, 0/33 HPs)
             Began as an Octopode Transmuter on May 16, 2020.
             Slain by Natasha (4 damage)
             ... on level 2 of the Dungeon.
             The game lasted 00:04:56 (3533 turns).

Hugehornet the Insei (Octopode Transmuter)          Turns: 3533, Time: 00:04:56

Health: 0/33       AC:  2    Str:  9    XL:     5   Next: 7%
Magic:  4/9        EV: 20    Int: 16    God:
Gold:   108        SH:  0    Dex: 18    Spells: 0/10 levels left

rFire    . . .     SeeInvis +     - Unarmed
rCold    . . .     Gourm    .   (shield currently unavailable)
rNeg     . . .     Faith    .   (helmet currently unavailable)
rPois    x         Spirit   .   (no amulet)
rElec    .         Reflect  .   (no ring)
rCorr    .         Harm     .   f - ring of see invisible
MR       .....                  (no ring)
Stlth    ++........             (no ring)
HPRegen  0.11/turn              (no ring)
MPRegen  0.11/turn              (no ring)
                                (no ring)
                                (no ring)

@: spider-form (expiring), very slightly contaminated, slowed, very slow
A: tiny, almost no armour, stealthy swim, (amphibious), 8 rings, (constrict 8)
a: End Transformation


You were on level 2 of the Dungeon.
You were hungry.
You were a venomous arachnid creature.
You visited 1 branch of the dungeon, and saw 4 of its levels.

You collected 108 gold pieces.

Inventory:

Missiles
 a - 12 arrows
Jewellery
 f - a ring of see invisible (right front leg)
Scrolls
 e - 2 scrolls of immolation
 k - a scroll of magic mapping {unknown}
 l - a scroll of enchant armour {unknown}
 m - a scroll of teleportation
 n - a scroll of enchant weapon {unknown}
Potions
 b - 2 potions of haste
 d - a potion of brilliance {unknown}
 h - a potion of lignification
 i - a potion of curing
 j - a potion of flight {unknown}
Comestibles
 c - 7 rations


   Skills:
 - Level 1.0 Fighting
 - Level 2.0 Dodging
 + Level 3.5 Unarmed Combat
 - Level 3.0 Spellcasting
 - Level 3.0 Transmutations
 * Level 2.9 Poison Magic


You couldn't memorise any spells.
You knew the following spells:

 Your Spells              Type           Power        Failure   Level  Hunger
a - Beastly Appendage     Tmut           ##....       16%         1    #......
b - Sticks to Snakes      Tmut           ##......     22%         2    ##.....
c - Spider Form           Tmut/Pois      ##........   36%         3    ###....
d - Ice Form              Ice/Tmut       #.......     86%         4    #####..

Your spell library contained the following spells:

 Spells                   Type           Power        Failure   Level  Hunger
 Blade Hands              Tmut           ##........   94%         5    ######.


Dungeon Overview and Level Annotations

Branches:
Dungeon (4/15)
 Temple: D:4-7

Altars:
Elyvilon
Gozag
Sif Muna

Shops:
D:2 *

Annotations:
D:2 Natasha


Innate Abilities, Weirdness & Mutations

You cannot wear most types of armour.
You are very stealthy in the water. (Stealth+)
((You are amphibious.))
You can wear up to eight rings at the same time.
((You can use your tentacles to constrict eight enemies at once.))
((Your skin changes colour to match your surroundings (Stealth+).))
((Your rubbery body absorbs attacks. (AC +1, EV +1)))


Message History

The magic dart hits you!
You hit Natasha.
Natasha is poisoned.
Natasha is moderately wounded.
Your transformation is almost over.
Natasha completely misses you. Natasha closely misses you.
You hit Natasha but do no damage.
Natasha is moderately wounded.
Natasha claws you.
You barely miss Natasha.
Natasha is moderately wounded.
Natasha stares at you and mumbles some strange words.
The magic dart hits you!
You are too injured to fight recklessly!
You are too injured to fight recklessly!
You hit Natasha.
Natasha looks as sick as possible!
Natasha is heavily wounded.
Natasha claws you!
* * * LOW HITPOINT WARNING * * *
Natasha claws you.
You die...

.......#### #.....#
##..รท.....# ##...#######
#....###.# ##........# #.##.#
#.# #.######)# #.##.# #.# #.#
#.# #.##.###)# ##'## #.#
#........# ##...## #.#
####.#######.....## #.####
##.## ##....s..###.##.##
####.[.####......h..##.#...##
..........'.....)...(.......#
####...####.........#((.....#
#<..# ##.......##..#..#.#
#.#.# ##.....###.###.#.#
#...# ##...###.## ##..# ##.##
##'###.## ##.# #.# #.# ##.##
##..#


You could see Natasha.

Vanquished Creatures
  Natasha (twice) (D:2)
  An adder (D:2)
  2 oozes
  An adder skeleton (D:4)
  2 worms (D:2)
  A dart slug (D:2)
  4 orcs (D:3)
  5 giant cockroaches
  3 goblins
  4 hobgoblins
  5 bats
  A frilled lizard (D:1)
  7 kobolds
  7 rats
45 creatures vanquished.

Notes
Turn   | Place    | Note
-------+----------+-------------------------------------------
     0 | D:1      | Hugehornet the Octopode Transmuter began the quest for the
                  | Orb.
     0 | D:1      | Reached XP level 1. HP: 13/13 MP: 3/3
   343 | D:1      | Reached XP level 2. HP: 17/18 MP: 3/5
   350 | D:1      | Learned a level 2 spell: Sticks to Snakes
  1029 | D:2      | Reached XP level 3. HP: 17/23 MP: 6/6
  1273 | D:2      | Noticed Natasha
  1279 | D:2      | Learned a level 3 spell: Spider Form
  1357 | D:2      | Found Gozag's Platinum Reserve.
  1360 | D:2      | Found an opulent altar of Gozag.
  1544 | D:2      | You fall into a shaft and drop 2 floors!
  1587 | D:3      | Found a faded altar of an unknown god.
  2087 | D:3      | Found a shimmering blue altar of Sif Muna.
  2201 | D:2      | Found a white marble altar of Elyvilon.
  2348 | D:2      | Reached skill level 1 in Poison Magic
  2389 | D:2      | Reached XP level 4. HP: 19/28 MP: 6/8
  3086 | D:2      | Killed Natasha
  3240 | D:2      | Noticed Natasha
  3254 | D:2      | Killed Natasha
  3254 | D:2      | Reached XP level 5. HP: 11/33 MP: 6/9
  3449 | D:2      | Learned a level 4 spell: Ice Form
  3523 | D:2      | Noticed Natasha
  3533 | D:2      | Slain by Natasha

Levels and vault maps discovered:
D:1:      minmay_arrival_pointy, layout_loops_ring, st_stairs_12,
          serial_park_tiny_pond
D:2:      layout_loops_corners, nicolae_gozag_zags_fifth_avenue,
          nicolae_overflow_hidden_temple, uniq_natasha
D:3:      layout_basic, led_sif_book, chequers_ecumenical_altar_island
D:4:      layout_gridville, minmay_temple_entry_junction, st_stairs_11,
          minmay_hollow_rounded_squares, uniq_duvessa

Skill      XL: |  1  2  3  4 |
---------------+-------------+-----
Transmutations | 3 |  3.0
Spellcasting   | 3 |  3.0
Poison Magic   | 1 2 |  2.9
Fighting       | |  1.0
Dodging        | |  2.0
Unarmed Combat | |  3.5

Action                   |  1- 3 |  4- 6 || total
-------------------------+-------+-------++-------
Melee: Unarmed           |    86 |    41 ||   127
       Constrict         |    28 |     3 ||    31
       Kick              |    19 |     6 ||    25
       Tentacles         |    12 |     1 ||    13
 Cast: Beastly Appendage |    24 |     5 ||    29
       Spider Form       |       |     3 ||     3
  Use: Scroll            |     5 |     2 ||     7
       Potion            |     1 |       ||     1
 Stab: Sleeping          |     6 |     1 ||     7
  Eat: Chunk             |     4 |     4 ||     8
Armor: Skin              |    11 |     3 ||    14
Dodge: Dodged            |    53 |    22 ||    75
